Map: Aura mortal EE

Players

Mako - Winner!

  • Race: Terran Terran
  • League: Platinum
  • Spawn Location: 5:00

MrFercho

  • Race: Zerg Zerg
  • League: Gold
  • Spawn Location: 11:00

VOD

Have the link to the VOD?

Description

Time

  • Played on: Aug. 6, 2020, 8:12 p.m.
  • Length: 12:10
Show
View Real Time Build Order
Export as new Build Order

Mako Terran - Winner!

Build Orders:  

Get SALT Encoding   

  12  0:00  SCV  
  13  0:12  SCV  
  14  0:17  Supply Depot  
  14  0:25  SCV  
  15  0:39  SCV  
  15  0:41  Barracks  
  16  0:51  SCV  
  17  1:03  SCV  
  18  1:17  Command Center  
  18  1:19  SCV  
  19  1:30  Supply Depot  
  19  1:32  SCV, Refinery  
  20  1:47  Refinery  
  20  1:48  SCV  
  21  2:00  SCV  
  22  2:11  Barracks  
  22  2:12  Barracks  
  22  2:14  SCV  
  23  2:20  Reaper  
  24  2:28  SCV  
  25  2:32  SCV  
  25  2:35  Engineering Bay  
  27  2:46  Orbital Command  
  26  2:55  Factory  
  26  2:56  Barracks Reactor  
  26  2:58  Barracks Tech Lab  
  26  3:02  Barracks Reactor  
  26  3:09  Orbital Command  
  26  3:51  Orbital Command  
  25  3:59  Combat Shield  
  25  4:00  Factory Tech Lab  
  25  4:01  Marine x5  
  30  4:10  Starport  
  30  4:14  Command Center  
  30  4:23  Supply Depot, Siege Tank  
  33  4:26  SCV  
  33  4:27  SCV  
  35  4:31  Terran Infantry Weapons Level 1  
  35  4:36  Marine x2  
  35  4:37  Marine  
  38  4:39  Marine  
  38  4:42  Marine  
  40  4:49  Starport Reactor  
  40  4:54  Marine x2  
  40  4:55  Marine  
  40  4:58  Supply Depot  
  43  5:00  Marauder  
  43  5:01  Siege Tank  
  43  5:05  SCV x2  
  50  5:17  SCV x2  
  52  5:24  Supply Depot  
  52  5:26  Medivac  
  54  5:30  SCV  
  54  5:31  Refinery, SCV x2  
  54  5:32  Refinery  
  57  5:42  Marine x3  
  60  5:43  Marauder, SCV x2  
  60  5:45  Stimpack  
  60  5:49  Engineering Bay  
  64  5:51  SCV  
  64  5:55  SCV  
  66  6:03  Medivac  
  68  6:06  Marine x3  
  68  6:08  SCV x2  
  68  6:09  SCV  
  74  6:16  Supply Depot  
  74  6:17  Terran Infantry Armor Level 1  
  74  6:20  SCV x2  
  74  6:21  SCV  
  74  6:25  Marine x4  
  80  6:27  Medivac  
  80  6:32  SCV  
  84  6:33  SCV  
  84  6:37  Siege Tank  
  88  6:57  Medivac  
  90  7:05  Supply Depot  
  90  7:08  Supply Depot  
  90  7:09  Supply Depot, Siege Tank  
  90  7:13  Armory  
  93  7:17  Barracks x2  
  93  7:21  Barracks x2  
  93  7:24  Missile Turret  
  93  7:26  Marine x4  
  93  7:27  Marauder, Missile Turret  
  90  7:50  Marine x2  
  90  7:51  Marine x3  
  92  8:08  Marine x3  
  92  8:09  Marauder, Medivac x2, Marine  
  92  8:10  Terran Vehicle Weapons Level 1  
  101  8:13  Armory  
  99  8:22  Marine x3  
  99  8:25  Marine  
  99  8:26  Marine x4  
  107  8:31  Marauder  
  109  8:43  Marine x3  
  109  8:44  Marine  
  109  8:45  Orbital Command  
  109  8:46  SCV x2  
  113  8:52  Marauder  
  106  8:56  Siege Tank  
  106  8:58  SCV x2  
  108  9:09  Terran Infantry Weapons Level 2  
  108  9:10  SCV, Terran Infantry Armor Level 2  
  108  9:13  Marauder  
  111  9:22  Barracks Reactor  
  111  9:23  Barracks Reactor  
  111  9:24  Sensor Tower  
  111  9:26  Barracks Tech Lab  
  111  9:35  Marauder, Barracks Tech Lab  
  113  9:39  Marine x4  
  113  9:41  Siege Tank  
  120  9:56  Marine  
  120  9:57  Marine  
  107  10:01  Marine x4  
  107  10:02  Marauder x2, Marine x2  
  107  10:04  Marine  
  113  10:09  Medivac  
  113  10:13  Siege Tank  
  120  10:14  Marauder  
  120  10:15  Marine  
  120  10:18  Marine  
  120  10:19  Marine x3  
  120  10:20  Marine x2  
  127  10:22  Marine  
  127  10:23  Marauder, Marine  
  130  10:32  Marine  
  131  10:35  Marauder  
  131  10:36  Marine x2  
  133  10:46  Marine  
  133  11:16  Supply Depot  
  133  11:19  Supply Depot x3  
  133  11:21  Supply Depot  
  133  11:23  Supply Depot  
  133  11:28  Command Center  
  133  11:37  Marine x8  
  141  11:40  Marine x3  
Show
View Real Time Build Order
Export as new Build Order

MrFercho Zerg 

Build Orders: Hatch First 

Get SALT Encoding   

  12  0:00  Drone  
  13  0:17  Overlord  
  13  0:20  Drone  
  14  0:35  Drone  
  14  0:36  Drone  
  16  0:51  Hatchery  
  16  0:53  Drone  
  16  0:59  Drone  
  16  1:01  Drone  
  18  1:13  Extractor  
  18  1:17  Spawning Pool  
  16  1:20  Drone  
  16  1:24  Drone  
  18  1:33  Drone  
  19  1:43  Drone  
  20  1:54  Overlord  
  20  2:05  Queen  
  20  2:06  Queen  
  20  2:08  Zergling x4  
  26  2:14  Drone  
  27  2:20  Drone  
  28  2:28  Overlord  
  28  2:35  Drone  
  28  2:36  Drone  
  30  2:37  Drone  
  31  2:45  Queen  
  31  2:48  Lair  
  31  2:51  Drone x2  
  35  2:58  Drone  
  36  3:01  Drone  
  37  3:10  Drone x2  
  39  3:23  Drone x3  
  39  3:24  Drone x2  
  44  3:27  Overlord x2  
  44  3:28  Overlord  
  44  3:38  Drone  
  44  4:00  Extractor  
  44  4:01  Extractor  
  42  4:08  Drone x3  
  45  4:10  Drone  
  45  4:12  Drone x3  
  45  4:14  Overlord  
  49  4:22  Roach Warren  
  48  4:27  Evolution Chamber  
  48  4:31  Queen  
  47  4:32  Drone x2  
  47  4:33  Drone  
  52  5:04  Glial Reconstitution, Zerg Missile Weapons Level 1  
  52  5:15  Evolution Chamber  
  51  5:24  Roach  
  51  5:25  Roach x7  
  51  5:28  Roach x3  
  72  5:30  Hatchery  
  71  5:45  Drone  
  72  5:51  Overseer  
  72  6:21  Drone x3  
  75  6:35  Spore Crawler  
  75  6:37  Spine Crawler  
  75  6:38  Drone x2  
  75  6:39  Overlord, Spine Crawler  
  74  6:40  Overlord x2  
  74  6:56  Overlord x4  
  74  7:06  Queen  
  74  7:08  Spore Crawler  
  75  7:13  Drone x3  
  75  7:15  Spine Crawler  
  77  7:16  Spine Crawler  
  77  7:17  Roach x8  
  92  7:25  Zerg Missile Weapons Level 2  
  92  7:27  Zerg Ground Armor Level 1  
  89  7:40  Roach x8  
  69  8:00  Roach x3  
  69  8:01  Roach x7  
  69  8:21  Roach x7  
  73  8:54  Roach  
  73  8:55  Roach x5  
  77  9:07  Roach x4  
  85  9:19  Hydralisk Den  
  85  9:20  Infestation Pit  
  85  9:23  Extractor  
  82  9:31  Hatchery  
  82  9:33  Roach x2  
  82  9:34  Roach x6  
  82  9:36  Overlord  
  97  9:38  Drone  
  97  9:39  Drone  
  97  9:44  Hatchery  
  98  9:49  Muscular Augments  
  78  10:05  Roach x3  
  78  10:06  Roach x6  
  61  10:19  Roach x3  
  51  10:41  Zergling x16  
  57  10:44  Hydralisk  
  57  10:56  Spine Crawler  
  56  10:57  Overlord  
  56  10:58  Overlord  
  56  11:00  Spine Crawler x2  
  56  11:03  Hydralisk x3  
  60  11:16  Hydralisk x6  
  72  11:38  Lurker Den  
  71  11:41  Hydralisk  
Tags
 
Matchup
TvZ
Replay Pack
MrFercho
Spawn Locations
Cross Positions
Add a new tag
Caveats
  • Supply blocks, unpowered buildings, or Contaminate may cause inaccurate times.
  • Supply counts are checked every 10 seconds.